 Dungeon Sprint DCSS version 0.30.1-11-g7821555f0a (webtiles) character file.

Game seed: 12230884859528966952

156 Heoruswealwe the Spear-Bearer (level 5, -3/52 HPs)
             Began as a Minotaur Fighter on Nov 3, 2023.
             Was an Initiate of Gozag.
             Slain by a troll (12 damage)
             ... in the Dungeon (Sprint IX: "|||||||||||||||||||||||||||||").
             The game lasted 00:01:26 (133 turns).

Heoruswealwe the Spear-Bearer (Minotaur Fighter)     Turns: 133, Time: 00:01:27

Health: -3/52      AC:  7    Str: 22    XL:     5   Next: 15%
Magic:  4/4        EV:  9    Int:  5    God:    Gozag
Gold:   270        SH:  4    Dex: 10    Spells: 4/4 levels left

rFire   . . .        a - +0 trident
rCold   . . .        d - +0 buckler
rNeg    . . .        c - +0 scale mail
rPois   .            (helmet restricted)
rElec   .            (no cloak)
rCorr   .            (no gloves)
SInv    .            (no boots)
Will    .....        (no amulet) Stlth
                     (no ring)
HPRegen 0.28/turn    (no ring)
MPRegen 0.09/turn

%: no teleportation
@: no status effects
A: horns 2, retaliatory headbutt
a: Renounce Religion, Potion Petition, Call Merchant, Bribe Branch


You were in the Dungeon.
You worshipped Gozag.
Gozag was aware of your devotion.
You visited 1 branch You collected 270 gold pieces.

Inventory:

Hand Weapons
 a - a +0 trident (weapon)
Armour
 c - a +0 scale mail (worn)
 d - a +0 buckler (worn)
Jewellery
 k - a +2 ring of protection
 l - a +3 ring of intelligence
Wands
 j - a wand of acid (10)
Scrolls
 h - a scroll of blinking
Potions
 b - a potion of might
 e - 4 potions of curing
 f - 3 potions of heal wounds
 g - a potion of haste
 i - a potion of berserk rage


   Skills:
 + Level 7.2 Fighting
 * Level 9.1 Polearms
 + Level 7.2 Armour
 - Level 3.6 Shields


You had 4 spell levels left.
You didn't know any spells.
Your spell library was empty.

Dungeon Overview and Level Annotations

Branches:
Dungeon (1/1)

Altars:
Cheibriados
Dithmenos
Elyvilon
Fedhas
Gozag
Hepliaklqana
Kikubaaqudgha
Makhleb
Nemelex Xobeh
Okawaru
Qazlal
Ru
Sif Muna
Trog
Uskayaw
Vehumet
Wu Jian
Xom
Yredelemnul
Zin
The Shining One
Jiyva
Lugonu


Innate Abilities, Weirdness & Mutations

You have a pair of horns on your head.
You reflexively headbutt those who attack you in melee.


Message History

You open the door.
A troll, a two-headed ogre, a wraith, 2 centaurs and a howler monkey come into view.
The two-headed ogre shouts in stereo!
The centaur shouts!
The howler monkey howls!
You puncture the troll!
The troll is moderately wounded.
You block the troll's attack. The troll closely misses you.
The troll claws you!
You hit the troll.
The troll is moderately wounded.
The troll bites you but does no damage. You block the troll's attack.
The troll claws you but does no damage.
You hit the troll but do no damage.
The troll is moderately wounded.
The troll bites you! The troll closely misses you.
The troll claws you but does no damage.
You barely miss the troll.
The troll is moderately wounded.
The troll bites you. You block the troll's attack.
The troll closely misses you.
You hit the troll. You headbutt the troll.
The troll is heavily wounded.
The howler monkey hoots and howls with incredible vigour!
The troll bites you but does no damage. You block the troll's attack.
The troll claws you.
You hear a shout!
You hit the troll.
The troll is heavily wounded.
The howler monkey hoots and howls with incredible vigour!
You closely miss the troll.
The troll is heavily wounded.
The troll bites you!
* * * LOW HITPOINT WARNING * * *
The troll closely misses you. The troll claws you but does no damage.
The howler monkey hoots and howls with incredible vigour!
You barely miss the troll. You headbutt the troll.
The troll is severely wounded.
The troll bites you!
You die...
Your body crumbles into a pile of gold.

▓!▓
$
▓?▓
$
▓)▓
$
▓.▓
$
▓[▓
▓[▓
$
▓[▓
▓.▓
$
▓@▓
$
▓T▓
$
▓O▓
▓W▓
$
▓c▓
$
▓c▓
$ $
▓h▓
$
▓.▓
$


You could see a two-headed ogre, a troll, a wraith, 2 centaurs and a howler
monkey (catching breath).

Vanquished Creatures
  2 scorpions (D)
  A hound (D)
  An ufetubus (D)
  A worm (D)
  2 ball pythons (D)
  2 endoplasms (D)
  A goblin (D)
10 creatures vanquished.

Notes
Turn   | Place    | Note
-------+----------+-------------------------------------------
     0 | D        | Heoruswealwe the Minotaur Fighter began the quest for the
                  | Orb.
     0 | D        | Reached XP level 1. HP: 19/19 MP: 0/0
     6 | D        | Reached skill level 3 in Polearms
    33 | D        | Noticed a scorpion
    33 | D        | Noticed a hound
    33 | D        | Noticed a scorpion
    37 | D        | Found a snail-covered altar of Cheibriados.
    37 | D        | Found a shadowy altar of Dithmenos.
    37 | D        | Found a white marble altar of Elyvilon.
    37 | D        | Found a blossoming altar of Fedhas.
    37 | D        | Found an opulent altar of Gozag.
    38 | D        | Found a hazy altar of Hepliaklqana.
    39 | D        | Found a viscous altar of Jiyva.
    40 | D        | Found an ancient bone altar of Kikubaaqudgha.
    41 | D        | Found a corrupted altar of Lugonu.
    42 | D        | Found a burning altar of Makhleb.
    43 | D        | Found a sparkling altar of Nemelex Xobeh.
    44 | D        | Found an iron altar of Okawaru.
    45 | D        | Became a worshipper of Gozag Ym Sagoz the Greedy
    48 | D        | Killed a scorpion
    49 | D        | Reached skill level 5 in Fighting
    49 | D        | Reached skill level 6 in Polearms
    49 | D        | Reached skill level 5 in Armour
    49 | D        | Reached XP level 2. HP: 14/30 MP: 1/1
    49 | D        | Reached XP level 3. HP: 18/37 MP: 2/2
    57 | D        | Reached skill level 7 in Polearms
    57 | D        | Reached XP level 4. HP: 24/44 MP: 3/3
    71 | D        | Killed a scorpion
    72 | D        | Reached skill level 9 in Polearms
    72 | D        | Reached XP level 5. HP: 28/52 MP: 4/4
    91 | D        | Found a stormy altar of Qazlal.
    92 | D        | Found a sacrificial altar of Ru.
    93 | D        | Found a shimmering blue altar of Sif Muna.
    94 | D        | Found a bloodstained altar of Trog.
    95 | D        | Found a hide-covered altar of Uskayaw.
    96 | D        | Found a radiant altar of Vehumet.
    97 | D        | Found an ornate altar of the Wu Jian Council.
    98 | D        | Found a shimmering altar of Xom.
    99 | D        | Found a basalt altar of Yredelemnul.
   100 | D        | Found a glowing silver altar of Zin.
   101 | D        | Found a glowing golden altar of the Shining One.
   125 | D        | Noticed a troll
   125 | D        | Noticed a two-headed ogre
   125 | D        | Noticed a wraith
   125 | D        | Noticed a centaur
   125 | D        | Noticed a centaur
   133 | D        | Slain by a troll

Illustrated notes

Levels and vault maps discovered:
D:        linesprint [early_d, line_temple, items_1, d_10, items_2, lair_1,
          lair_end, items_3, orc_1, orc_end, items_4, d_15, swamp_1, shoals_1,
          snake_1, spider_1, d_20, vaults_1, items_5, swamp_end, shoals_end,
          snake_end, spider_end, vaults_end, d_27, items_6, zot_1, zot_end,
          crypt_end, forest_end, elf_end, slime_end, tomb_end, abyss_end,
          pan_hell_end]

Skill      XL: |  1  2  3  4 |
---------------+-------------+-----
Polearms       | 6 7 9 |  9.1
Fighting       | 5 6 7 |  7.2
Armour         | 5 6 7 |  7.2
Shields        | |  3.6

Action                     |  1- 3 |  4- 6 || total
---------------------------+-------+-------++-------
  Melee: Trident           |    22 |    23 ||    45
         Headbutt          |       |     5 ||     5
    Use: Scroll            |     1 |       ||     1
         Potion            |     1 |       ||     1
 Armour: Scale mail        |    11 |     6 ||    17
  Dodge: Dodged            |     6 |    10 ||    16
  Block: Buckler           |     6 |     7 ||    13
